 Dungeon Crawl Stone Soup version 0.18-a0-1285-g60d00e1 (webtiles) character file.

7687 Gagarin the Blocker (level 11, -8/95 HPs)
             Began as a Minotaur Fighter on Feb 7, 2016.
             Mangled by a freezing wraith (10 damage)
             ... led by a death knight
             ... on level 9 of the Dungeon on Feb 8, 2016.
             The game lasted 00:30:30 (10860 turns).

Gagarin the Blocker (Minotaur Fighter)             Turns: 10860, Time: 00:30:31

Health: -8/95      AC: 13    Str: 23    XL:     11   Next: 0%
Magic:  10/10      EV: 10    Int:  7    God:
Gold:   482        SH: 12    Dex: 11    Spells: 0 memorised, 10 levels left

rFire  . . .     SeeInvis .     y - +1 flail (holy)
rCold  . . .     Gourm    .     D - +2 chain mail {rPois}
rNeg   . . .     Faith    .     c - +0 shield
rPois  +         Spirit   .     (helmet restricted)
rElec  .         Dismiss  .     (no cloak)
rCorr  .         Reflect  .     (no gloves)
SustAt .         Harm     .     (no boots)
MR     .....                    (no amulet)
Stlth  ..........               (no ring)
                                F - +2 ring of dexterity

@: slowed, very slow, not resistant to hostile enchantments, extremely
unstealthy
A: retaliatory headbutt, horns 2
a: no special abilities


You were on level 9 of the Dungeon.
You were not hungry.

You visited 1 branch of the dungeon, and saw 10 of its levels.

You collected 482 gold pieces.

Inventory:

Hand Weapons
 a - a +0 long sword
 o - a +0 flail of protection
 p - a +0 arbalest
 q - a +2 rapier of draining
 x - a +1 flail of crushing
 y - a +1 flail of holy wrath (weapon)
 C - a +2 short sword of draining
Missiles
 B - a throwing net (quivered)
 L - 2 tomahawks of dispersal
Armour
 b - a +0 scale mail
 c - a +0 shield (worn)
 D - a +2 chain mail of poison resistance (worn)
 J - a +2 scale mail of cold resistance
 O - a steam dragon hide
 R - a cursed +0 leather armour
Jewellery
 n - an uncursed amulet of faith
 F - a +2 ring of dexterity (left hand)
 G - a +6 ring of evasion {unknown}
Wands
 h - a wand of lightning (0/15)
 H - a wand of polymorph (7/24)
 M - a wand of random effects (22/48)
Scrolls
 e - a scroll of recharging {unknown}
 g - 4 scrolls of identify
 i - 5 scrolls of enchant armour {unknown}
 l - a scroll of magic mapping {unknown}
 m - 7 scrolls of teleportation {unknown}
 s - 2 scrolls of remove curse {unknown}
 t - 3 scrolls of blinking
 w - a scroll of amnesia {unknown}
 z - a scroll of enchant weapon {unknown}
 A - 2 scrolls of fog {unknown}
 E - 2 scrolls of torment {unknown}
 I - a scroll of noise {unknown}
 Q - 3 scrolls of fear {unknown}
Potions
 u - a potion of agility {unknown}
 v - 2 potions of degeneration
Books
 d - a Young Poisoner's Handbook

   Spells                             Type                      Level
   a - Sting                          Conjuration/Poison           1
   b - Cure Poison                    Poison                       2
   c - Mephitic Cloud                 Conjuration/Poison/Air       3
   d - Olgreb's Toxic Radiance        Poison                       4
   e - Venom Bolt                     Conjuration/Poison           5
 S - a book of Death

   Spells                             Type                      Level
   a - Corpse Rot                     Necromancy                   2
   b - Sublimation of Blood           Necromancy                   2
   c - Agony                          Necromancy                   5
   d - Dispel Undead                  Necromancy                   5
   e - Excruciating Wounds            Charms/Necromancy            5
   f - Bolt of Draining               Conjuration/Necromancy       5
Miscellaneous
 P - an ornate deck of changes {drawn: 1}
Comestibles
 f - 5 bread rations
 j - 5 fruits
 k - 6 meat rations
 r - 2 beef jerkies


   Skills:
 + Level 8.8 Fighting
 + Level 4.1 Long Blades
 + Level 8.1 Maces & Flails
 + Level 9.9 Armour
 + Level 8.2 Dodging
 + Level 2.0 Stealth
 + Level 10.2 Shields
 + Level 1.0 Evocations


You had 10 spell levels left.
You didn't know any spells.

Dungeon Overview and Level Annotations

Branches:
Dungeon (11/15)              Lair (0/8) D:10
 Temple: D:4-7          Orc: D:9-12

Altars:
Fedhas
Gozag
Qazlal
Sif Muna
Trog
Zin

Shops:
D:6 (


Innate Abilities, Weirdness & Mutations

You reflexively headbutt those who attack you in melee.
You have a pair of horns on your head.


Message History

The freezing wraith is severely damaged.
You block the freezing wraith's attack. x2; The freezing wraith hits you.
The freezing wraith freezes you!
The freezing wraith hits you but does no damage.
You sock the freezing wraith!
The freezing wraith convulses.
The freezing wraith is almost destroyed.
The freezing wraith hits you. The freezing wraith freezes you!!
The freezing wraith hits you!
* * * LOW HITPOINT WARNING * * *
The freezing wraith drains your vigour!
You feel as though you will be slow longer.
You hit the freezing wraith but do no damage.
The freezing wraith is almost destroyed.
The freezing wraith hits you!
* * * LOW HITPOINT WARNING * * *
The freezing wraith freezes you!
* * * LOW HITPOINT WARNING * * *
The freezing wraith completely misses you.
You block the freezing wraith's attack. The freezing wraith hits you!
You die...

##.......#########.##.....###
##.....## #.######## ##...##
#.# ##.## #.# ### #.# #.# #.#
..######## #.#
#.....W@.###.##
..######.##...#######
.#....W.....####
#.......#.###.p...
#.........# #.####
#.###..##.###.# # #.
#..##.....# # # ....########
# ###.. #


You could see a freezing wraith.

Vanquished Creatures
  3 hill giants (D:10)
  The ghost of skk the Blocker, a novice GrFi of Okawaru (D:7)
  Joseph (D:7)
  A troll (D:10)
  A two-headed ogre (D:8)
  Grinder (D:6)
  4 yaks (D:9)
  A hippogriff (D:7)
  A steam dragon (D:10)
  Edmund (D:6)
  2 ice beasts
  2 black bears (D:10)
  A phantom (D:6)
  4 sky beasts
  4 ogres
  4 centaurs
  Blork the orc (D:6)
  6 giant frogs
  A gnoll sergeant (D:8)
  2 scorpions
  3 killer bees (D:9)
  5 crimson imps
  2 centaur zombies
  2 quasits
  5 hounds
  8 orc wizards
  3 orc priests
  2 giant frog skeletons (D:8)
  3 iguanas
  9 worker ants
  A hound skeleton (D:10)
  2 worker ant zombies
  7 adders
  19 gnolls
  A shadow imp (D:8)
  An ooze (D:5)
  An adder zombie (D:9)
  2 adder skeletons
  4 worms
  2 giant geckos
  19 orcs
  7 bats
  4 giant cockroaches
  7 hobgoblins
  A jackal (D:5)
  4 kobolds
  A quokka (D:5)
  3 giant gecko zombies
  A giant newt (D:3)
  8 goblins
  15 rats
194 creatures vanquished.

Vanquished Creatures (others)
  A killer bee (D:9)
1 creature vanquished.

Grand Total: 195 creatures vanquished

Notes
Turn   | Place    | Note
--------------------------------------------------------------
     0 | D:1      | Gagarin the Minotaur Fighter began the quest for the Orb.
     0 | D:1      | Reached XP level 1. HP: 19/19 MP: 0/0
   203 | D:1      | Reached XP level 2. HP: 16/27 MP: 1/1
   337 | D:1      | Reached skill level 4 in Fighting
   812 | D:1      | Reached XP level 3. HP: 33/33 MP: 2/2
  1448 | D:2      | Found a deep blue altar of Sif Muna.
  1466 | D:2      | Found a blossoming altar of Fedhas.
  2000 | D:3      | Reached skill level 1 in Dodging
  2112 | D:3      | Reached XP level 4. HP: 39/41 MP: 3/3
  2177 | D:3      | Reached XP level 5. HP: 29/47 MP: 4/4
  2546 | D:3      | Reached skill level 5 in Armour
  2751 | D:3      | You fall through a shaft for 2 floors!
  2751 | D:5      | Entered Level 5 of the Dungeon
  2751 | D:5      | Found a bloodstained altar of Trog.
  2751 | D:5      | Noticed a moth of wrath
  2857 | D:5      | Reached XP level 6. HP: 32/55 MP: 5/5
  3044 | D:5      | Reached skill level 5 in Shields
  3364 | D:5      | Reached skill level 5 in Fighting
  3589 | D:5      | Found an opulent altar of Gozag.
  3589 | D:5      | Found a glowing silver altar of Zin.
  3640 | D:5      | Noticed a sky beast
  3666 | D:5      | Killed a sky beast
  3854 | D:5      | Reached XP level 7. HP: 56/61 MP: 6/6
  3865 | D:5      | Found a stormy altar of Qazlal.
  4192 | D:5      | Reached skill level 1 in Maces & Flails
  4425 | D:6      | Found Mioker's Weapon Shoppe.
  4536 | D:6      | Noticed Blork the orc
  4542 | D:6      | Killed Blork the orc
  4542 | D:6      | Reached skill level 5 in Dodging
  4571 | D:6      | Reached skill level 1 in Stealth
  4626 | D:6      | Noticed Edmund
  4640 | D:6      | Killed Edmund
  4640 | D:6      | Reached skill level 6 in Armour
  4640 | D:6      | Reached XP level 8. HP: 46/70 MP: 7/7
  4928 | D:6      | Noticed Grinder
  4933 | D:6      | Paralysed by Grinder for 4 turns
  4940 | D:6      | Killed Grinder
  5147 | D:6      | Reached skill level 7 in Armour
  5175 | D:6      | Found a blossoming altar of Fedhas.
  5321 | D:7      | Noticed skk's ghost (novice GrFi)
  6201 | D:8      | Reached XP level 9. HP: 75/75 MP: 8/8
  6219 | D:8      | Reached skill level 8 in Armour
  6292 | D:8      | Reached skill level 5 in Maces & Flails
  6451 | D:8      | Got a spiked leather armour
  6459 | D:8      | Identified the cursed +0 leather armour of the Castellan {rF+ MR+ Dex+2} (You found it on level 8 of the Dungeon)
  6919 | D:7      | Noticed Joseph
  6937 | D:7      | Killed Joseph
  7423 | D:7      | Killed skk's ghost
  7423 | D:7      | Reached skill level 9 in Armour
  7423 | D:7      | Reached XP level 10. HP: 44/86 MP: 9/9
  7873 | D:9      | Noticed a skeletal warrior
  7881 | D:9      | Noticed a death knight
  7883 | D:9      | Noticed a phantasmal warrior
  7883 | D:9      | HP: 4/88 [skeletal warrior/long sword[a death knight] (9)]
  8636 | D:10     | Entered Level 10 of the Dungeon
  8922 | D:10     | Noticed a hill giant
  8959 | D:10     | Killed a hill giant
  9131 | D:10     | Found a staircase to the Lair.
  9356 | D:10     | Noticed a hill giant
  9368 | D:10     | Killed a hill giant
  9737 | D:10     | Noticed a hill giant
  9746 | D:10     | Killed a hill giant
  9746 | D:10     | Reached skill level 10 in Shields
  9746 | D:10     | Reached skill level 1 in Evocations
 10213 | D:10     | Reached XP level 11. HP: 81/95 MP: 10/10
 10467 | D:10     | HP: 3/95 [freezing wraith[a death knight] (8)]
 10846 | D:9      | Upgraded the game from 0.18-a0-1273-g8ec5f8e to 0.18-a0-1285-g60d00e1
 10860 | D:9      | HP: 2/95 [freezing wraith[a death knight] (15)]
 10860 | D:9      | Mangled by a freezing wraith

Vault maps used:
D:1:      dpeg_arrival_circle_labyrinth_c
D:2:      lemuel_blue_sif_altar, fedhas_altar_2
D:3:      cheibriados_altar_1, ecumenical_altar_2, portal_sewer_entry_a
D:5:      grunt_temple_overflow_gold_and_silver, kennysheep_mini, tgw_trog,
          first_bread
D:6:      overflow_temple_1_default, serial_shops, nicolae_shop_behind_doors,
          roderic_roman_lattice, uniq_grinder, uniq_eustachio, uniq_edmund,
          uniq_blork_the_orc
D:7:      uniq_joseph
D:9:      lemuel_round_altar, kennysheep_mini_moat
D:10:     lair_0_dummy
D:11:     wad_pebble_path, the_bakery,
          nicolae_gozag_cash_rules_everything_around_me

Action                   |  1- 3 |  4- 6 |  7- 9 | 10-12 || total
-------------------------+-------+-------+-------+-------++-------
Melee: Long sword        |   121 |   141 |       |       ||   262
       Flail             |       |    28 |   351 |   231 ||   610
Evoke: Wand              |       |       |     2 |     2 ||     4
       Deck              |       |       |       |     1 ||     1
  Use: Potion            |       |     3 |     2 |     5 ||    10
       Scroll            |       |       |     8 |     1 ||     9
  Eat: Chunk             |     4 |     5 |    12 |    10 ||    31
       Pizza             |       |       |       |     1 ||     1
       Beef jerky        |       |       |       |     1 ||     1
